 Dungeon Crawl Stone Soup version 0.26-a0-665-gefeb406119 (webtiles) character file.

Game seed: 4176348112557724651

89 jasper the Chopper (level 4, -7/40 HPs)
             Began as a Palentonga Fighter on Oct 13, 2020.
             Splashed by a jelly's acid (10 damage)
             ... on level 2 of the Dungeon.
             The game lasted 00:02:38 (1758 turns).

jasper the Chopper (Palentonga Fighter)             Turns: 1758, Time: 00:02:39

Health: -7/40      AC:  1    Str: 21    XL:     4   Next: 31%
Magic:  4/4        EV:  1    Int:  8    God:
Gold:   90         SH:  8    Dex:  9    Spells: 3/3 levels left

rFire    . . .     SeeInvis +   a - +0 war axe
rCold    . . .     Faith    .   c - +0 kite shield
rNeg     . . .     Spirit   .   m - +0 plate armour
rPois    .         Reflect  .   (no helmet)
rElec    .         Harm     .   (no cloak)
rCorr    .         Rampage  .   (no gloves)
MR       .....                  (no barding)
Stlth    ..........             (no amulet)
HPRegen  0.13/turn              o - ring of see invisible
MPRegen  0.09/turn              (no ring)

@: corroded
A: large, rugged brown scales 3, see invisible, deformed body, roll, armoured
tail
a: Rolling Charge


You were on level 2 of the Dungeon.
You visited 1 branch of the dungeon, and saw 2 of its levels.

You collected 90 gold pieces.

Inventory:

Hand Weapons
 a - a +0 war axe (weapon)
Missiles
 i - 89 stones (quivered)
Armour
 b - a +0 scale mail
 c - a +0 kite shield (worn)
 m - a +0 plate armour (worn)
Jewellery
 o - a ring of see invisible (left hand)
Scrolls
 e - 2 scrolls of fog {unknown}
 f - a scroll of amnesia {unknown}
 h - a scroll of teleportation {unknown}
 j - 2 scrolls of identify {unknown}
 k - a scroll of enchant armour {unknown}
 p - a scroll of remove curse {unknown}
Potions
 d - 2 potions of might
 g - a potion of heal wounds {unknown}
 l - a potion of flight {unknown}
 n - 2 potions of brilliance {unknown}


   Skills:
 - Level 3.0 Fighting
 + Level 4.6 Axes
 - Level 2.4 Armour
 - Level 2.4 Shields


You had 3 spell levels left.
You didn't know any spells.
Your spell library was empty.

Dungeon Overview and Level Annotations

Branches:
Dungeon (2/15)

Altars:
Dithmenos
Hepliaklqana
Nemelex Xobeh
Vehumet


Innate Abilities, Weirdness & Mutations

You are completely covered in rugged brown scales. (AC +3, +7% HP)
You have supernaturally acute eyesight. (SInv)
Armour fits poorly on your strangely shaped body.
You can roll at foes to attack.
You have a long armoured tail.


Message History

The jelly hits you.
You are splashed with acid!
* * * LOW HITPOINT WARNING * * *
You block the jelly's attack.
You take 11 damage, and have 5/40 hp.
MASSIVE DAMAGE!!
Unknown command.
You see here a stone.
You see here a stone.
You see here a stone.
There is an open door here.
Roll where?
Press: ? - help, Dir - move target cursor, f - jelly
Aim: a jelly (almost dead)
You roll forward with a clatter of scales!
You hit the jelly but do no damage. The acid corrodes you!
Your hands burn!
* * * LOW HITPOINT WARNING * * *
The jelly is almost dead.
You block the jelly's attack. The jelly hits you.
* * * LOW HITPOINT WARNING * * *
You are splashed with acid!
You die...

#.###.............####.##......>.
#.###.#..........................
.................#############.##
..##......)####### #.#
......#.>.########## # #.#
#.#.......###......##. #.#
....#...#.##.......#.# #.#
#.........'........#†# #.#
##.#.#....'....○@J.#.# ###
.....#....'......#'#(#
(##..#....##.....#.#(#
.##.......###....#.#(#
....##....#########.##
†..........#### ###
...###...<..... #### #...#.....
#...#.....


You could see a jelly.

Vanquished Creatures
  2 adders (D:2)
  2 worms (D:2)
  A dart slug (D:2)
  3 leopard geckos
  A giant cockroach (D:2)
  7 goblins
  4 hobgoblins
  8 jackals
  16 kobolds
  A quokka (D:2)
  5 bats
  2 frilled lizards
  4 rats
56 creatures vanquished.

Vanquished Creatures (others)
  8 toadstools (D:2)
8 creatures vanquished.

Grand Total: 64 creatures vanquished

Notes
Turn   | Place    | Note
-------+----------+-------------------------------------------
     0 | D:1      | jasper the Palentonga Fighter began the quest for the Orb.
     0 | D:1      | Reached XP level 1. HP: 20/20 MP: 1/1
    83 | D:1      | You fall into a shaft and drop 1 floor!
    94 | D:2      | Reached XP level 2. HP: 21/27 MP: 2/2
   114 | D:2      | Reached skill level 3 in Axes
   348 | D:2      | Reached XP level 3. HP: 12/33 MP: 3/3
   792 | D:1      | Reached skill level 4 in Axes
  1366 | D:2      | Reached XP level 4. HP: 40/40 MP: 4/4
  1406 | D:2      | Noticed a shadow
  1408 | D:2      | Found a shadowy altar of Dithmenos.
  1409 | D:2      | Found a hazy altar of Hepliaklqana.
  1566 | D:2      | Found a sparkling altar of Nemelex Xobeh.
  1650 | D:2      | Found a radiant altar of Vehumet.
  1758 | D:2      | Splashed by a jelly's acid

Illustrated notes

Levels and vault maps discovered:
D:1:      minmay_arrival_loop, layout_basic
D:2:      cheibrodos_fertilizer, layout_rooms,
          riverfiend_overflow_shadow_ancestor, vehumet_crystals,
          nemelex_diamond_rough_becter

Skill      XL: |  1  2  3 |
---------------+----------+-----
Axes           | 3 4 |  4.6
Fighting       | |  3.0
Armour         | |  2.4
Shields        | |  2.4

Action                   |  1- 3 |  4- 6 || total
-------------------------+-------+-------++-------
Melee: War axe           |   142 |    36 ||   178
       Tailslap          |    15 |     1 ||    16
Throw: Stone             |     4 |       ||     4
 Abil: Rolling Charge    |    13 |     6 ||    19
Armor: Scale mail        |    83 |       ||    83
       Plate armour      |    13 |    20 ||    33
Dodge: Dodged            |    40 |     1 ||    41
Block: Kite shield       |    65 |    14 ||    79

Table legend: (Time is in decaauts)
 A = Elapsed time spent in this place.
 B = Non-inter-level travel time spent in this place.
 C = Inter-level travel time spent in this place.
 D = Time resting spent in this place.
 E = Time spent auto-exploring this place.
 F = Levels seen in this place.
 G = Mean time per level.
                   A        B        C        D        E       F      G
               +--------+--------+--------+--------+--------+-----+--------+
         Total |   1828 |   1735 |     93 |    190 |   1128 |   2 |  914.0 |
       Dungeon |   1828 |   1735 |     93 |    190 |   1128 |   2 |  914.0 |
               +--------+--------+--------+--------+--------+-----+--------+

Top non-repeatable levels by time:
     D:1: 1018 daAuts
     D:2: 809 daAuts
